 Dungeon Sprint DCSS version 0.31-a0-844-gdc52ec4e09 (webtiles) character file.

Game seed: 12890487763538548457

71150 sircluck the Wrestler (level 14, -5/173 (176) HPs)
             Began as a Troll Berserker on Sept 29, 2023.
             Was a High Priest of Trog.
             Slain by a shadow dragon (6 damage)
             ... in the Dungeon (Sprint VII: "The Pits").
             The game lasted 00:18:49 (4289 turns).

sircluck the Wrestler (Troll Berserker)             Turns: 4289, Time: 00:18:49

HP:   -5/173 (176)  AC:  9    Str: 39    XL:     14   Next: 96%
MP:   13/13         EV: 19    Int:  3    God:    Trog [*****.]
Gold: 58            SH:  6    Dex:  9    Spells: 13/13 levels left

rFire   . .          .
                       - Unarmed
rCold   + + +        o - +0 kite shield
rNeg    + . .        k - +0 troll leather armour
rPois   .            (helmet restricted)
rElec   .            l - +1 cloak
rCorr   .            (gloves unavailable)
SInv    .            (boots unavailable)
Will    +++..        M - amulet "Wees" {*Corrode +Inv rC+ Will++ Regen+}
Stlth   +            X - ring of Doaniuxt {rC+ rN+ Str+2 Slay+6}
HPRegen 2.88/turn    E - ring "Kygal" {rC+ EV+5 Str+5 Slay+2}
MPRegen 0.13/turn

%: no teleportation, corrode self (3%)
@: on berserk cooldown, slowed, lightly drained, invisible, very slow
A: large, unfitting armour, claws 3, regeneration 1, shaggy fur 1, tough skin 1
a: Renounce Religion, Evoke Invisibility, Berserk, Trog's Hand, Brothers in Arms


You were in the Dungeon.
You worshipped Trog.
Trog was extremely pleased with you.
You visited 1 branch You collected 58 gold pieces.

Inventory:

Missiles
 g - 10 large rocks
Armour
 a - a +0 animal skin
 k - a +0 troll leather armour (worn)
 l - a +1 cloak (worn)
 o - a +0 kite shield (worn)
 A - +2 pearl dragon scales
Jewellery
 E - the ring "Kygal" (right claw) {rC+ EV+5 Str+5 Slay+2}
   (You found it in the Dungeon)

   [ring of evasion]

   EV+5:      It affects your evasion (+5).
   Str+5:     It affects your strength (+5).
   Slay+2:    It affects your accuracy & damage with ranged weapons and melee
   (+2).
   rC+:       It protects you from cold.
 F - the ring "Rafergh" {Fly rPois rC+ Stlth-}
   (You found it in the Dungeon)

   [ring of flight]

   rC+:       It protects you from cold.
   rPois:     It protects you from poison Fly: It grants you flight.
   Stlth-:    It makes you less stealthy.
 G - the ring "Pidarph" {rElec Will- Str+2 SInv}
   (You found it in the Dungeon)

   [ring of see invisible]

   Str+2:     It affects your strength (+2).
   rElec:     It insulates you from electricity.
   Will-:     It decreases your willpower.
   SInv:      It lets you see invisible.
 H - the ring "Timnued" {rElec rPois Int+3}
   (You found it in the Dungeon)

   [ring of poison resistance]

   Int+3:     It affects your intelligence (+3).
   rElec:     It insulates you from electricity.
   rPois:     It protects you from poison
 I - the ring "Bevais" {Fire Contam rElec rCorr Int+6}
   (You found it in the Dungeon)

   [ring of fire]

   Fire:      It enhances your fire magic.
   Int+6:     It affects your intelligence (+6).
   rF+:       It protects you from fire.
   rC-:       It makes you vulnerable to cold.
   rElec:     It insulates you from electricity.
   Contam:    It causes magical contamination when unequipped.
   rCorr:     It protects you from acid and corrosion.
 K - the amulet "Joshuud" {Spirit *Corrode rC+ Str+3 Dex+5}
   (You found it in the Dungeon)

   [amulet of guardian spirit]

   Spirit:    It causes incoming damage to be divided between your reserves of
   health and magic.
   Str+3:     It affects your strength (+3).
   Dex+5:     It affects your dexterity (+5).
   rC+:       It protects you from cold.
   *Corrode:  It may corrode you when you take damage.
 L - the amulet "Xomnut" {Spirit Harm Rampage Fragile Dex+8}
   (You found it in the Dungeon)

   [amulet of guardian spirit]

   Spirit:    It causes incoming damage to be divided between your reserves of
   health and magic.
   Dex+8:     It affects your dexterity (+8).
   Fragile:   It will be destroyed if unequipped.
   Harm:      It increases damage dealt and taken.
   Rampage:   It bestows one free step when moving towards enemies.
 M - the amulet "Wees" (around neck) {*Corrode +Inv rC+ Will++ Regen+}
   (You found it in the Dungeon)

   [amulet of regeneration]

   rC+:       It protects you from cold.
   Will++:    It greatly increases your willpower.
   +Inv:      It lets you turn invisible.
   Regen+:    It increases your rate of health regeneration.
   *Corrode:  It may corrode you when you take damage.
 N - the amulet "Tuobics" {RegenMP rPois Will- Str+4}
   (You found it in the Dungeon)

   [amulet of magic regeneration]

   RegenMP:   It increases your rate of magic regeneration.
   Str+4:     It affects your strength (+4).
   rPois:     It protects you from poison Will-: It decreases your willpower.
 O - the ring of Woixiesoukk {Fly Will+}
   (You found it in the Dungeon)

   [ring of willpower]

   Will+:     It increases your willpower.
   Fly:       It grants you flight.
 P - the amulet "Etwoegga" {RegenMP Fragile rPois rF+ rC+}
   (You found it in the Dungeon)

   [amulet of magic regeneration]

   RegenMP:   It increases your rate of magic regeneration.
   rF+:       It protects you from fire.
   rC+:       It protects you from cold.
   rPois:     It protects you from poison Fragile: It will be destroyed if
   unequipped.
 Q - the amulet "Wiesel" {Spirit Harm}
   (You found it in the Dungeon)

   [amulet of guardian spirit]

   Spirit:    It causes incoming damage to be divided between your reserves of
   health and magic.
   Harm:      It increases damage dealt and taken.
 R - the ring of Xiowab {rC+ Will+}
   (You found it in the Dungeon)

   [ring of protection from cold]

   rC+:       It protects you from cold.
   Will+:     It increases your willpower.
 S - the ring "Veca" {rC+ rN+++ Stlth+}
   (You found it in the Dungeon)

   [ring of protection from cold]

   rC+:       It protects you from cold.
   rN+++:     It renders you almost immune to negative energy.
   Stlth+:    It makes you more stealthy.
 T - the ring "Lumygoith" {Wiz rN+ Will+ rCorr Str-2}
   (You found it in the Dungeon)

   [ring of wizardry]

   Wiz:       It improves your spell success rate.
   Str-2:     It affects your strength (-2).
   rN+:       It protects you from negative energy.
   Will+:     It increases your willpower.
   rCorr:     It protects you from acid and corrosion.
 U - a +5 ring of slaying
 V - the ring of the Fiend {rF+ rC- rCorr Dex+3}
   (You found it in the Dungeon)

   [ring of protection from fire]

   Dex+3:     It affects your dexterity (+3).
   rF+:       It protects you from fire.
   rC-:       It makes you vulnerable to cold.
   rCorr:     It protects you from acid and corrosion.
 W - the ring "Enloheuh" {rPois rF+ Will- AC+6}
   (You found it in the Dungeon)

   [ring of protection]

   AC+6:      It affects your AC (+6).
   rF+:       It protects you from fire.
   rPois:     It protects you from poison Will-: It decreases your willpower.
 X - the ring of Doaniuxt (left claw) {rC+ rN+ Str+2 Slay+6}
   (You found it in the Dungeon)

   [ring of positive energy]

   Str+2:     It affects your strength (+2).
   Slay+6:    It affects your accuracy & damage with ranged weapons and melee
   (+6).
   rC+:       It protects you from cold.
   rN+:       It protects you from negative energy.
 Y - the ring "Rudeabagh" {rN+ EV+6 Str+4 Int-3}
   (You found it in the Dungeon)

   [ring of evasion]

   EV+6:      It affects your evasion (+6).
   Str+4:     It affects your strength (+4).
   Int-3:     It affects your intelligence (-3).
   rN+:       It protects you from negative energy.
 Z - the ring "Fawutism" {Wiz Slay+3}
   (You found it in the Dungeon)

   [ring of wizardry]

   Wiz:       It improves your spell success rate.
   Slay+3:    It affects your accuracy & damage with ranged weapons and melee
   (+3).
Wands
 x - a wand of flame (25)
 y - a wand of roots (5)
 B - a wand of paralysis (5)
 C - a wand of mindburst (4)
Scrolls
 i - 2 scrolls of vulnerability
 q - 4 scrolls of fear
 r - 3 scrolls of enchant weapon
 s - 4 scrolls of identify
 t - a scroll of torment
Potions
 b - 14 potions of curing
 c - a potion of heal wounds
 d - 6 potions of haste
 e - 9 potions of magic
 f - 6 potions of berserk rage
 m - a potion of resistance
 D - 2 potions of mutation


   Skills:
 + Level 20.6 Fighting
 + Level 11.9 Armour
 + Level 20.5 Dodging
 + Level 23.8 Unarmed Combat


You had 13 spell levels left.
You didn't know any spells.
Your spell library was empty.

Dungeon Overview and Level Annotations

Branches:
Dungeon (1/1)

Altars:
Ashenzari
Cheibriados
Dithmenos
Elyvilon
Fedhas
Gozag
Hepliaklqana
Kikubaaqudgha
Makhleb
Nemelex Xobeh
Okawaru
Qazlal
Ru
Sif Muna
Trog
Uskayaw
Vehumet
Wu Jian
Xom
Yredelemnul
Zin
The Shining One
Jiyva
Lugonu


Innate Abilities, Weirdness & Mutations

You are too large for most types of armour.
You have claws for hands.
Your natural rate of healing is unusually fast.
You are covered in fur. (AC +1)
You have tough skin. (AC +1)


Message History

You closely miss the shadow dragon.
The shadow dragon is moderately wounded.
You block the shadow dragon's attack. The shadow dragon claws you!
* * * LOW HITPOINT WARNING * * *
You block the shadow dragon's attack. The shadow dragon bites you!
* * * LOW HITPOINT WARNING * * *
You block the shadow dragon's attack. The shadow dragon claws you!!
* * * LOW HITPOINT WARNING * * *
You feel much better.
The shadow dragon completely misses you.
The shadow dragon claws you but does no damage.
The shadow dragon misses you.
The shadow dragon completely misses you.
The shadow dragon claws you!
* * * LOW HITPOINT WARNING * * *
The shadow dragon misses you.
The moth of wrath completely misses you.
Unknown command.
Unknown command.
You mangle the shadow dragon!!
The shadow dragon is heavily wounded.
The shadow dragon closely misses you. The shadow dragon claws you!
* * * LOW HITPOINT WARNING * * *
The shadow dragon claws you.
* * * LOW HITPOINT WARNING * * *
The moth of wrath misses you. The shadow dragon bites you.
* * * LOW HITPOINT WARNING * * *
You block the shadow dragon's attack. x2
Unknown command.
You feel much better.
The moth of wrath completely misses you.
The shadow dragon bites you!!
* * * LOW HITPOINT WARNING * * *
You partially resist.
You feel drained.
* * * LOW HITPOINT WARNING * * *
The shadow dragon completely misses you.
The shadow dragon claws you!
* * * LOW HITPOINT WARNING * * *
The moth of wrath closely misses you. The shadow dragon bites you.
You die...

.......# #.... .......# #....
....#..##++#++#..#
.......##........#
..)....##........#
...)#..##..#..#..#
.......##........#
......T##..†.....#
....#..##')#''#.@########
.......''..#..#.yD)......
.......''..#..#..........
'####)'##################
'####))##########################
...##...............)....[[......
##.##.)))).......))))....)...[[..
)+.##..##############''##########
.#.##..#))#))#))))#......#[[[[#[[


You could see a shadow dragon (berserk) and a moth of wrath (unable to see you).

Vanquished Creatures
  An ancient lich (D)
  An electric golem (D)
  A lich (D)
  A tentacled monstrosity (D)
  An acid blob (D)
  A sphinx (D)
  Donald (D)
  A frost giant (D)
  3 nagarajas (D)
  A deep elf sorcerer (D)
  A draconian scorcher (D)
  2 orc warlords (D)
  A war gargoyle (D)
  An apis (D)
  2 deep elf demonologists (D)
  3 deep elf annihilators (D)
  A black draconian (D)
  A white draconian (D)
  An eidolon (D)
  2 deep elf death magi (D)
  A yaktaur captain (D)
  A great orb of eyes (D)
  2 spriggan air magi (D)
  2 vault guards (D)
  A merfolk avatar (D)
  An alligator (D)
  4 naga warriors (D)
  3 hell hogs (D)
  A death yak (D)
  2 vampire magi (D)
  A sun demon (D)
  A shadow wraith (D)
  3 deep elf knights (D)
  A fire crab (D)
  2 deep trolls (D)
  A bog body (D)
  4 harpies (D)
  8 orc knights (D)
  2 deep elf pyromancers (D)
  An orc sorcerer (D)
  2 cyclopes (D)
  A manticore (D)
  A wolf spider (D)
  A guardian serpent (D)
  A naga mage (D)
  A gargoyle (D)
  A molten gargoyle (D)
  An orange demon (D)
  An unseen horror (D)
  2 kobold demonologists (D)
  A rime drake (D)
  A polar bear (D)
  A merfolk (D)
  A troll (D)
  5 blink frogs (D)
  A snapping turtle (D)
  A wandering mushroom (D)
  A shadow (D)
  A water elemental (D)
  2 vampires (D)
  A flying skull (D)
  A ynoxinul (D)
  Grum (D)
  A wraith (D)
  A basilisk (D)
  3 vampire mosquitoes (D)
  A chaos spawn (D)
  A redback (D)
  A water moccasin (D)
  A floating eye (D)
  Pargi (D)
  An ogre (D)
  2 centaurs (D)
  4 wolves (D)
  3 kobold brigands (D)
  A small abomination (D)
  2 necrophages (D)
  2 earth elementals (D)
  4 wights (D)
  A hound (D)
  An iguana (D)
  An orc wizard (D)
  A mummy (D)
  3 gnolls (D)
  2 river rats (D)
  An adder zombie (D)
  A worm (D)
  An orc (D)
  A ball python (D)
  3 goblins (D)
  4 jackals (D)
  5 kobolds (D)
  2 quokkas (D)
  A frilled lizard (D)
  A giant cockroach simulacrum (D)
  A jackal simulacrum (D)
  A rat (D)
159 creatures vanquished.

Vanquished Creatures (collateral kills)
  A Tzitzimitl (D)
  A death cob (D)
  A nagaraja (D)
  A war gargoyle (D)
  A green draconian (D)
  A lorocyproca (D)
  2 deep elf annihilators (D)
  A red draconian (D)
  A mummy priest (D)
  A deep elf death mage (D)
  An ogre mage (D)
  A rakshasa (D)
  A swamp dragon (D)
  An orc knight (D)
  A manticore (D)
  A salamander (D)
  An unseen horror (D)
  A gargoyle (D)
  A hornet (D)
  A fire elemental (D)
  4 vampire mosquitoes (D)
  A naga (D)
  Duvessa (D)
  A sky beast (D)
  3 wolves (D)
  4 wights (D)
  Dowan (D)
  An orc priest (D)
  An iguana (D)
  An orc wizard (D)
  A gnoll (D)
  A river rat (D)
41 creatures vanquished.

Vanquished Creatures (others)
  A great orb of eyes (D)
1 creature vanquished.

Grand Total: 201 creatures vanquished

Notes
Turn   | Place    | Note
-------+----------+-------------------------------------------
     0 | D        | sircluck the Troll Berserker began the quest for the Orb.
     0 | D        | Reached XP level 1. HP: 22/22 MP: 0/0
    17 | D        | Noticed a death yak
    17 | D        | Noticed a shadow
    28 | D        | Killed a death yak
    29 | D        | Reached skill level 9 in Unarmed Combat
    29 | D        | Reached XP level 2. HP: 38/41 MP: 1/1
    29 | D        | Reached XP level 3. HP: 45/48 MP: 2/2
    29 | D        | Reached XP level 4. HP: 54/57 MP: 3/3
    29 | D        | Reached XP level 5. HP: 59/63 MP: 4/4
    29 | D        | Reached XP level 6. HP: 68/72 MP: 5/5
    29 | D        | Reached XP level 7. HP: 75/79 MP: 6/6
    30 | D        | Killed a shadow
    30 | D        | Reached ** piety under Trog
    31 | D        | Reached skill level 10 in Unarmed Combat
    99 | D        | Noticed a basilisk
   132 | D        | Killed a basilisk
   155 | D        | Found a bloodstained altar of Trog.
   155 | D        | Found a shimmering blue altar of Sif Muna.
   155 | D        | Found a viscous altar of Jiyva.
   155 | D        | Found a hazy altar of Hepliaklqana.
   155 | D        | Found an opulent altar of Gozag.
   156 | D        | Found a glowing golden altar of the Shining One.
   156 | D        | Found a glowing silver altar of Zin.
   156 | D        | Found a basalt altar of Yredelemnul.
   156 | D        | Found a shimmering altar of Xom.
   156 | D        | Found an ornate altar of the Wu Jian Council.
   156 | D        | Found a sacrificial altar of Ru.
   156 | D        | Found a stormy altar of Qazlal.
   156 | D        | Found an iron altar of Okawaru.
   156 | D        | Found a sparkling altar of Nemelex Xobeh.
   156 | D        | Found a burning altar of Makhleb.
   156 | D        | Found a blossoming altar of Fedhas.
   156 | D        | Found a white marble altar of Elyvilon.
   156 | D        | Found a shadowy altar of Dithmenos.
   156 | D        | Found a snail-covered altar of Cheibriados.
   160 | D        | Found a corrupted altar of Lugonu.
   160 | D        | Found a radiant altar of Vehumet.
   161 | D        | Found a broken altar of Ashenzari.
   161 | D        | Found an ancient bone altar of Kikubaaqudgha.
   161 | D        | Found a hide-covered altar of Uskayaw.
   200 | D        | Reached *** piety under Trog
   213 | D        | Reached **** piety under Trog
   222 | D        | Reached ***** piety under Trog
   279 | D        | Noticed Pargi
   280 | D        | Noticed Duvessa
   280 | D        | Noticed Dowan
   294 | D        | Killed Pargi
   295 | D        | Reached XP level 8. HP: 45/92 MP: 7/7
   302 | D        | Killed Duvessa
   305 | D        | Reached skill level 11 in Unarmed Combat
   306 | D        | Received a gift from Trog
   312 | D        | Killed Dowan
   342 | D        | Paralysed by a floating eye for 4 turns
   348 | D        | Reached skill level 10 in Fighting
   465 | D        | Noticed a flying skull
   469 | D        | Received a gift from Trog
   470 | D        | Reached skill level 10 in Dodging
   471 | D        | Killed a flying skull
   472 | D        | Reached skill level 12 in Unarmed Combat
   485 | D        | Noticed a deep troll
   492 | D        | Killed a deep troll
   493 | D        | Reached XP level 9. HP: 102/102 MP: 8/8
   495 | D        | Killed a shadow wraith
   496 | D        | Reached skill level 13 in Unarmed Combat
   687 | D        | Noticed a deep elf pyromancer
   687 | D        | Noticed an alligator
   701 | D        | Killed an alligator
   716 | D        | Killed a deep elf pyromancer
   716 | D        | Received a gift from Trog
   717 | D        | Reached skill level 14 in Unarmed Combat
   717 | D        | Reached XP level 10. HP: 105/115 MP: 9/9
   876 | D        | Noticed a bog body
   883 | D        | Killed a bog body
  1182 | D        | Reached ****** piety under Trog
  1192 | D        | Received a gift from Trog
  1206 | D        | Noticed Donald
  1223 | D        | Killed Donald
  1224 | D        | Reached skill level 15 in Unarmed Combat
  1453 | D        | Noticed a harpy
  1453 | D        | Noticed a harpy
  1453 | D        | Noticed a harpy
  1453 | D        | Noticed a harpy
  1454 | D        | Noticed a wolf spider
  1459 | D        | Killed a harpy
  1463 | D        | Killed a harpy
  1472 | D        | Killed a harpy
  1475 | D        | Killed a wolf spider
  1476 | D        | Reached XP level 11. HP: 38/127 MP: 10/10
  1479 | D        | HP: 1/127 [redback (11)]
  1481 | D        | Received a gift from Trog
  1482 | D        | Killed a harpy
  1557 | D        | Reached skill level 16 in Unarmed Combat
  1558 | D        | Received a gift from Trog
  1625 | D        | Received a gift from Trog
  1713 | D        | Received a gift from Trog
  1773 | D        | Noticed an eidolon
  1795 | D        | HP: 2/131 [eidolon (13)]
  1805 | D        | Killed an eidolon
  1806 | D        | Reached skill level 17 in Unarmed Combat
  1972 | D        | Noticed Grum
  1985 | D        | Noticed a death cob
  1987 | D        | Received a gift from Trog
  1988 | D        | Reached skill level 15 in Fighting
  1995 | D        | Killed a death cob
  1996 | D        | Reached skill level 15 in Dodging
  2008 | D        | Received a gift from Trog
  2017 | D        | Reached XP level 12. HP: 134/143 MP: 11/11
  2028 | D        | Reached skill level 18 in Unarmed Combat
  2029 | D        | Received a gift from Trog
  2037 | D        | Killed Grum
  2312 | D        | Noticed a naga warrior
  2312 | D        | Noticed a war gargoyle
  2315 | D        | Identified the +4 war axe of the Hungering Jester {flame,
                  | SInv}
  2315 | D        | Noticed a nagaraja
  2317 | D        | Killed a war gargoyle
  2320 | D        | Noticed a mummy priest
  2323 | D        | Killed a mummy priest
  2323 | D        | Received a gift from Trog
  2327 | D        | Killed a nagaraja
  2334 | D        | Killed a naga warrior
  2425 | D        | Reached skill level 19 in Unarmed Combat
  2429 | D        | Received a gift from Trog
  2430 | D        | Noticed a great orb of eyes
  2432 | D        | Noticed a spriggan air mage
  2434 | D        | Paralysed by a great orb of eyes for 2 turns
  2435 | D        | Killed a great orb of eyes
  2439 | D        | Killed a spriggan air mage
  2445 | D        | Noticed a vampire mage
  2451 | D        | Killed a vampire mage
  2451 | D        | Received a gift from Trog
  2465 | D        | Noticed a deep elf annihilator
  2466 | D        | Killed a deep elf annihilator
  2466 | D        | Received a gift from Trog
  2472 | D        | Noticed a great orb of eyes
  2477 | D        | Reached skill level 20 in Unarmed Combat
  2477 | D        | Reached XP level 13. HP: 76/156 MP: 12/12
  2494 | D        | Received a gift from Trog
  2792 | D        | Noticed a sphinx
  2792 | D        | Noticed a deep elf death mage
  2793 | D        | Noticed a nagaraja
  2793 | D        | Noticed a nagaraja
  2794 | D        | Noticed a deep elf sorcerer
  2800 | D        | Paralysed by a sphinx for 5 turns
  2808 | D        | Killed a sphinx
  2809 | D        | Reached skill level 1 in Armour
  2812 | D        | Killed a nagaraja
  2812 | D        | Received a gift from Trog
  2815 | D        | Killed a deep elf death mage
  2849 | D        | Killed a nagaraja
  2965 | D        | Noticed a deep elf annihilator
  2965 | D        | Noticed a deep elf death mage
  2982 | D        | Killed a deep elf death mage
  2982 | D        | Received a gift from Trog
  2985 | D        | Killed a deep elf annihilator
  3047 | D        | Noticed a deep elf demonologist
  3051 | D        | Noticed an Executioner
  3053 | D        | Killed a deep elf demonologist
  3078 | D        | Noticed an ancient lich
  3078 | D        | Noticed a deep elf death mage
  3088 | D        | Identified the +5 halberd "Oby Qiha" {heavy, rN+ Str+5
                  | Int-5} (Trog gifted it to you in the Dungeon)
  3088 | D        | Received a gift from Trog
  3089 | D        | Reached skill level 21 in Unarmed Combat
  3092 | D        | Noticed a deep elf annihilator
  3094 | D        | Noticed a deep elf annihilator
  3102 | D        | Noticed a lich
  3107 | D        | Killed an ancient lich
  3115 | D        | Killed a deep elf sorcerer
  3122 | D        | Killed a deep elf death mage
  3122 | D        | Received a gift from Trog
  3124 | D        | Killed a lich
  3151 | D        | Killed a deep elf annihilator
  3156 | D        | Killed a deep elf annihilator
  3254 | D        | Noticed a red draconian
  3255 | D        | Noticed a green draconian
  3255 | D        | Noticed a frost giant
  3258 | D        | Noticed a deep elf annihilator
  3263 | D        | Killed a green draconian
  3265 | D        | Killed a red draconian
  3265 | D        | Received a gift from Trog
  3276 | D        | Reached XP level 14. HP: 52/172 MP: 13/13
  3282 | D        | Killed a frost giant
  3283 | D        | Reached skill level 22 in Unarmed Combat
  3452 | D        | Got the ring "Kygal" {rC+ EV+5 Str+5 Slay+2}
  3454 | D        | Got the ring "Rafergh" {Fly rPois rC+ Stlth-}
  3456 | D        | Got the ring "Pidarph" {rElec Will- Str+2 SInv}
  3458 | D        | Got the ring "Timnued" {rElec rPois Int+3}
  3460 | D        | Got the ring "Bevais" {Fire Contam rElec rCorr Int+6}
  3462 | D        | Got the ring "Iquad" {Wiz rC+}
  3464 | D        | Got the amulet "Joshuud" {Spirit *Corrode rC+ Str+3 Dex+5}
  3466 | D        | Got the amulet "Xomnut" {Spirit Harm Rampage Fragile Dex+8}
  3469 | D        | Got the amulet "Wees" {*Corrode +Inv rC+ Will++ Regen+}
  3471 | D        | Got the amulet "Tuobics" {RegenMP rPois Will- Str+4}
  3473 | D        | Got the ring of Woixiesoukk {Fly Will+}
  3475 | D        | Got the amulet "Etwoegga" {RegenMP Fragile rPois rF+ rC+}
  3477 | D        | Got the amulet "Wiesel" {Spirit Harm}
  3491 | D        | Got the ring of Xiowab {rC+ Will+}
  3493 | D        | Got the ring "Veca" {rC+ rN+++ Stlth+}
  3495 | D        | Got the ring "Lumygoith" {Wiz rN+ Will+ rCorr Str-2}
  3499 | D        | Got the ring of the Fiend {rF+ rC- rCorr Dex+3}
  3502 | D        | Got the ring "Enloheuh" {rPois rF+ Will- AC+6}
  3504 | D        | Got the ring of Doaniuxt {rC+ rN+ Str+2 Slay+6}
  3506 | D        | Got the ring "Rudeabagh" {rN+ EV+6 Str+4 Int-3}
  3508 | D        | Got the ring "Fawutism" {Wiz Slay+3}
  3526 | D        | Got the ring of the Heavens {rN+ SInv}
  3528 | D        | Got the ring of Miracles {rN+ Str+7 Int-5}
  3530 | D        | Got the ring of Yesterday {rF+ rN+ Will+ Int-4}
  3532 | D        | Got the ring "Kimaa" {rC+ Slay+2}
  3605 | D        | Received a gift from Trog
  3610 | D        | Noticed an orc warlord
  3610 | D        | Noticed an orc warlord
  3641 | D        | Killed an orc warlord
  3649 | D        | Killed an orc warlord
  3671 | D        | Received a gift from Trog
  3686 | D        | HP: 6/172 [orc knight/+0 long sword (15)]
  3757 | D        | Noticed a war gargoyle
  3761 | D        | Killed a war gargoyle
  3814 | D        | Received a gift from Trog
  3829 | D        | Reached skill level 10 in Armour
  3837 | D        | Noticed a nagaraja
  3846 | D        | Killed a nagaraja
  3847 | D        | Reached skill level 23 in Unarmed Combat
  3887 | D        | Received a gift from Trog
  4061 | D        | Found the +6 lightning scales {swift, rElec}
  4117 | D        | Noticed a red draconian scorcher
  4124 | D        | Noticed a tentacled monstrosity
  4128 | D        | Killed a red draconian scorcher
  4133 | D        | Killed a tentacled monstrosity
  4134 | D        | Noticed a Tzitzimitl
  4134 | D        | Noticed an apis
  4135 | D        | Received a gift from Trog
  4142 | D        | Killed an apis
  4173 | D        | Killed a Tzitzimitl
  4173 | D        | Received a gift from Trog
  4214 | D        | Noticed an acid blob
  4223 | D        | Killed an acid blob
  4260 | D        | Noticed an electric golem
  4264 | D        | Noticed a shadow dragon
  4272 | D        | Killed an electric golem
  4289 | D        | HP: 1/173 [shadow dragon (12)]
  4289 | D        | Slain by a shadow dragon

Illustrated notes

Levels and vault maps discovered:
D:        pitsprint [storerooms_1, entrance_room_1, metal_vault_2, armoury_1,
          mini_pit_1, grid_room_1, main_hall_1, silver_pit, the_coven_3,
          the_vestibule_1, steel_vault_1, golden_pit, hallway_of_sentries,
          crystal_vault_1, iron_vault_5, final_vault]

Skill      XL: |  1  2  3  4  5  6  7  8  9 10 11 12 13 14 |
---------------+-------------------------------------------+-----
Fighting       | 7 9 10 12 13 15 17 19 20 | 20.6
Dodging        | 7 8 10 11 13 15 17 18 20 | 20.5
Unarmed Combat | 9 10 12 14 15 17 20 21 23 | 23.8
Armour         | 7 11 | 11.9

Action                     |  1- 3 |  4- 6 |  7- 9 | 10-12 | 13-15 || total
---------------------------+-------+-------+-------+-------+-------++-------
  Melee: Unarmed           |    10 |       |    63 |   221 |   206 ||   500
         Punch             |     1 |       |     5 |     1 |       ||     7
 Invoke: Berserk           |     1 |       |     2 |     6 |     7 ||    16
         Brothers in Arms  |       |       |     1 |     4 |     9 ||    14
         Trog's Hand       |       |       |       |       |     1 ||     1
    Use: Potion            |       |       |       |     4 |    16 ||    20
         Scroll            |       |       |       |     1 |     4 ||     5
 Armour: Animal skin       |     3 |       |    46 |       |       ||    49
         Troll leather arm |       |       |     6 |   154 |   183 ||   343
  Dodge: Dodged            |     3 |       |    34 |   213 |   125 ||   375
  Block: Kite shield       |       |       |       |    92 |    56 ||   148

Table legend: (Time is in decaauts)
 A = Elapsed time spent in this place.
 B = Non-inter-level travel time spent in this place.
 C = Inter-level travel time spent in this place.
 D = Time resting spent in this place.
 E = Time spent auto-exploring this place.
 F = Levels seen in this place.
 G = Mean time per level.
                   A        B        C        D        E       F      G
               +--------+--------+--------+--------+--------+-----+--------+
         Total |   4358 |   4113 |    245 |   1700 |    228 |   1 | 4358.0 |
       Dungeon |   4358 |   4113 |    245 |   1700 |    228 |   1 | 4358.0 |
               +--------+--------+--------+--------+--------+-----+--------+

Top non-repeatable levels by time:
       D: 4358 daAuts
